 Dungeon Crawl Stone Soup version 0.28.0 (webtiles) character file.

Game seed: 5802425840628203238

809 Strat the Ruffian (level 7, 0/66 HPs)
             Began as a Troll Fighter on Feb 10, 2022.
             Was an Initiate of Okawaru.
             Killed from afar by an acid dragon (32 damage)
             ... with a splash of acid
             ... on level 5 of the Dungeon.
             The game lasted 00:05:16 (1724 turns).

Strat the Ruffian (Troll Fighter)                   Turns: 1724, Time: 00:05:16

Health: 0/66       AC:  0    Str: 27    XL:     7   Next: 61%
Magic:  6/6        EV:  8    Int:  4    God:    Okawaru [......]
Gold:   180        SH:  8    Dex:  9    Spells: 6/6 levels left

rFire   . . .      SeeInvis .     - Unarmed
rCold   . . .      Faith    .   b - +0 kite shield
rNeg    . . .      Spirit   .   a - +0 robe
rPois   .          Reflect  .   (helmet restricted)
rElec   .          Harm     .   (no cloak)
rCorr   .          Rampage  .   (gloves unavailable)
Will    .....                   (boots unavailable)
Stlth   +.........              (no amulet)
HPRegen 1.01/turn               (no ring)
MPRegen 0.10/turn               (no ring)

@: mighty, corroded
A: large, unfitting armour, claws 3, regeneration 1, shaggy fur 1, tough skin 1
a: Renounce Religion


You were on level 5 of the Dungeon.
You worshipped Okawaru.
Okawaru was noncommittal.
You visited 1 branch of the dungeon, and saw 6 of its levels.

You collected 180 gold pieces.

Inventory:

Missiles
 c - 2 javelins
 e - 117 stones (quivered)
 j - 8 poisoned darts
Armour
 a - a +0 robe (worn)
 b - a +0 kite shield (worn)
Scrolls
 d - a scroll of teleportation
 h - a scroll of immolation
 l - a scroll of enchant armour {unknown}
Potions
 f - a potion of ambrosia
 g - a potion of attraction
 i - 3 potions of heal wounds {unknown}
 m - a potion of mutation {unknown}


   Skills:
 - Level 2.4 Fighting
 - Level 2.4 Dodging
 + Level 4.7 Shields
 * Level 7.3 Unarmed Combat


You had 6 spell levels left.
You didn't know any spells.
Your spell library contained the following spells:

 Spells                   Type           Power      Damage    Failure   Level
 Static Discharge         Conj/Air       0%         N/A       89%         2
 Portal Projectile        Hex/Tloc       0%         N/A       98%         3
 Anguish                  Hex/Necr       0%         N/A       100%        4
 Leda's Liquefaction      Hex/Erth       0%         N/A       100%        4
 Lightning Bolt           Conj/Air       0%         1d11      100%        5
 Enfeeble                 Hex            0%         N/A       100%        7
 Maxwell's Capacitive Co  Air            0%         ∞         100%        8
 Call Canine Familiar     Summ           Unusable   N/A       N/A         3
 Tukima's Dance           Hex            Unusable   N/A       N/A         3

Dungeon Overview and Level Annotations

Branches:
Dungeon (6/15)
 Temple: D:4-7

Altars:
Okawaru

Shops:
D:1 *

Portals:
Ossuary: D:5


Innate Abilities, Weirdness & Mutations

You are too large for most types of armour.
You have claws for hands.
Your natural rate of healing is unusually fast.
You are covered in fur. (AC +1)
You have tough skin. (AC +1)


Message History

The centaur skeleton is moderately damaged.
You block the centaur skeleton's attack.
The centaur skeleton kicks you.
You scratch the centaur skeleton.
The centaur skeleton is moderately damaged.
You block the centaur skeleton's attack.
The centaur skeleton kicks you.
You mangle the centaur skeleton!!
You destroy the centaur skeleton!
Okawaru accepts your kill.
You now have 180 gold pieces (gained 18).
You open the door.
There is an open door here.
You open the door.
You hear the hiss of an avalanche of sand very nearby.
There is an open door here.
i - 3 lumpy coppery potions (gained 1)
An acid dragon comes into view.
Found a sand-covered staircase.
The acid dragon spits acid at you. The splash of acid hits you!!
* * * LOW HITPOINT WARNING * * *
Found an escape hatch in the ceiling.
An ufetubus comes into view.
The ufetubus shouts!
You feel very mighty all of a sudden. The acid dragon spits acid at you.
The splash of acid hits you!
* * * LOW HITPOINT WARNING * * *
The acid corrodes you!
You mangle the ufetubus!!
You kill the ufetubus!
Okawaru accepts your kill.
You closely miss the acid dragon. You block the acid dragon's attack.
The acid dragon barely misses you.
You claw the acid dragon!
The acid dragon is heavily wounded.
The acid dragon spits acid at you. The splash of acid hits you!!
You die...

....# ### . .... .....<# ..
... .......# ..8##..
8......# .......##......#
...............#
#....D#......#
##..#@#......# .....#
#..∩.........# .....#
..8.#.##8......# .....# ..
... #.......# ..... ...
#.......+ .....
#..##+#.......###
....##########............#
....#........#............#
....'........#............#


You could see an acid dragon (catching breath).

Vanquished Creatures
  Grinder (D:4)
  Sigmund (D:2)
  A black bear (D:5)
  An ogre (D:4)
  A bullfrog (D:3)
  A jelly (D:5)
  2 centaur skeletons (D:5)
  Robin (D:2)
  3 gnolls (D:3)
  An adder (D:3)
  An ufetubus (D:5)
  3 worms
  A dart slug (D:1)
  2 ball pythons
  8 endoplasms
  4 giant cockroaches
  19 goblins
  6 hobgoblins
  6 jackals
  5 kobolds
  A quokka (D:2)
  3 bats
  2 frilled lizards (D:2)
  3 rats
77 creatures vanquished.

Notes
Turn   | Place    | Note
-------+----------+-------------------------------------------
     0 | D:1      | Strat the Troll Fighter began the quest for the Orb.
     0 | D:1      | Reached XP level 1. HP: 22/22 MP: 0/0
    59 | D:1      | Found a faded altar of an unknown god.
   133 | D:1      | Reached XP level 2. HP: 29/29 MP: 1/1
   196 | D:1      | Found Roxt's Assorted Antiques.
   213 | D:1      | Reached skill level 3 in Unarmed Combat
   264 | D:2      | Reached XP level 3. HP: 36/36 MP: 2/2
   295 | D:2      | Noticed Robin
   298 | D:2      | Killed Robin
   414 | D:2      | Reached XP level 4. HP: 44/44 MP: 3/3
   518 | D:2      | Noticed Sigmund
   531 | D:2      | Killed Sigmund
   532 | D:2      | Reached skill level 5 in Unarmed Combat
   532 | D:2      | Reached XP level 5. HP: 36/50 MP: 4/4
   619 | D:3      | Reached XP level 6. HP: 51/59 MP: 5/5
  1071 | D:4      | Noticed Grinder
  1103 | D:4      | Killed Grinder
  1104 | D:4      | Reached skill level 6 in Unarmed Combat
  1104 | D:4      | Reached XP level 7. HP: 59/66 MP: 6/6
  1440 | D:4      | Found an iron altar of Okawaru.
  1478 | D:4      | Became a worshipper of Warmaster Okawaru
  1504 | D:5      | Entered Level 5 of the Dungeon
  1515 | D:5      | Reached skill level 7 in Unarmed Combat
  1639 | D:5      | You fall into a shaft and drop 1 floor!
  1716 | D:5      | Found a sand-covered staircase.
  1724 | D:5      | Killed from afar by an acid dragon

Illustrated notes

Levels and vault maps discovered:
D:1:      minmay_arrival_four_circles, layout_basic, serial_shops,
          nicolae_shop_statue_plus, shapermc_ecumenical_altar_mp_urbaneastern
D:2:      layout_basic, chequers_arboretum, uniq_robin, uniq_sigmund
D:3:      layout_rooms, corexii_leaking_fountain
D:4:      layout_basic, nicolae_overflow_crystal_walls, kennysheep_mini_moat,
          serial_bayou_pond_e, uniq_grinder
D:5:      layout_gridville, lightli_ossuary_entry_decrepit_ruins,
          grunt_ministairs_5
D:6:      gammafunk_steamed_eel, layout_basic, elyvilon_altar_3,
          hellmonk_ghost_happy_afterlife

Skill      XL: |  1  2  3  4  5  6  7 |
---------------+----------------------+-----
Unarmed Combat | 3 5 6 7 |  7.3
Shields        | 3 4 |  4.7
Fighting       | |  2.4
Dodging        | |  2.4

Action                   |  1- 3 |  4- 6 |  7- 9 || total
-------------------------+-------+-------+-------++-------
Melee: Unarmed           |    91 |    65 |    31 ||   187
Throw: Stone             |       |       |     3 ||     3
  Use: Potion            |       |     1 |     1 ||     2
       Scroll            |       |     4 |     3 ||     7
Armor: Robe              |    29 |    12 |     7 ||    48
Dodge: Dodged            |    25 |    17 |    10 ||    52
Block: Kite shield       |    22 |    21 |    13 ||    56
